 Dungeon Crawl Stone Soup version 0.31-a0-981-geadf994542 (webtiles) character file.

Game seed: 7616312308122701610

130 Dirtsage the Slasher (level 4, -1/35 HPs)
             Began as a Demonspawn Fighter on Oct 31, 2023.
             Succumbed to an orc wizard's poison
             ... on level 3 of the Dungeon.
             The game lasted 00:03:50 (2005 turns).

Dirtsage the Slasher (Demonspawn Fighter)           Turns: 2005, Time: 00:03:50

Health: -1/35      AC:  8    Str: 17    XL:     4   Next: 89%
Magic:  4/4        EV:  9    Int:  9    God:
Gold:   130        SH:  4    Dex: 14    Spells: 3/3 levels left

rFire   . . .        a - +0 long sword
rCold   . . .        c - +0 buckler
rNeg    . . .        b - +0 scale mail
rPois   .            (no helmet)
rElec   .            (no cloak)
rCorr   .            (no gloves)
SInv    .            (no boots)
Will    .....        (no amulet) Stlth
                     (no ring)
HPRegen 0.25/turn    (no ring)
MPRegen 0.09/turn

%: no passive effects
@: lethally poisoned (-1 -> -24)
A: slimy green scales 1, spiny 1
a: no special abilities


You were on level 3 of the Dungeon.
You visited 1 branch of the dungeon, and saw 3 of its levels.

You collected 130 gold pieces.

Inventory:

Hand Weapons
 a - a +0 long sword (weapon)
Armour
 b - a +0 scale mail (worn)
 c - a +0 buckler (worn)
Wands
 n - a wand of flame (7)
Scrolls
 f - 2 scrolls of poison {unknown}
 g - 2 scrolls of fear {unknown}
 i - a scroll of identify {unknown}
 k - a scroll of fog {unknown}
 m - a scroll of teleportation {unknown}
Potions
 d - a potion of might
 e - 2 potions of berserk rage {unknown}
 h - a potion of lignification {unknown}
 j - a potion of heal wounds {unknown}
 l - a potion of brilliance {unknown}


   Skills:
 - Level 3.0 Fighting
 + Level 4.7 Long Blades
 - Level 2.6 Armour
 - Level 2.6 Shields


You had 3 spell levels left.
You didn't know any spells.
Your spell library was empty.

Dungeon Overview and Level Annotations

Branches:
Dungeon (3/15)

Altars:


Innate Abilities, Weirdness & Mutations

You are partially covered in slimy green scales. (AC +2)
You are partially covered in sharp spines.


Message History

You closely miss the orc.
The orc is lightly wounded.
You block the orc's attack.
You closely miss the orc.
The orc is lightly wounded.
The orc is struck by your spines. The orc hits you with a +0 mace.
You take 2 damage, and have 33/35 hp.
You barely miss the orc.
The orc is heavily wounded.
You miss something. Something hits you.
You are poisoned.
You take 2 damage, and have 31/35 hp.
You closely miss something.
You feel sick. Something hits you.
You are more poisoned.
You take 3 damage, and have 28/35 hp.
You hit something.
You feel very sick. Something hits you.
You are more poisoned.
You take 7 damage, and have 21/35 hp.
You are too injured to fight recklessly!
You are too injured to fight recklessly!
You are too injured to fight recklessly!
You closely miss something.
You feel very sick. Something hits you but does no damage.
You are lethally poisoned!
You take 4 damage, and have 17/35 hp.
You miss something.
You feel very sick. Something completely misses you.
Something hits you but does no damage.
You are more poisoned.
You take 6 damage, and have 11/35 hp.
You miss something.
* * * LOW HITPOINT WARNING * * *
You feel extremely sick. Something hits you but does no damage.
You take 7 damage, and have 4/35 hp.
You completely miss something.
You die...

#.####.#######.##.
#.# #.# #)##. #.#
#.# #.##. #.# #.#
#.... #.# ..#
####. #.# .## #.
#.# . #######. #.#
#. #....... #@#
.#####( #{# ## #o#
# ... # #.#
##.#.##### #..
.......<.. ###
##########


You could see an orc.

Vanquished Creatures
  3 gnolls (D:2)
  4 adders (D:2)
  2 dart slugs (D:1)
  A worm (D:2)
  2 orcs (D:3)
  2 bats
  6 endoplasms
  3 giant cockroaches
  5 goblins
  2 hobgoblins
  7 jackals
  3 kobolds (D:1)
  A quokka (D:1)
  6 ball pythons
  2 frilled lizards
  5 rats
54 creatures vanquished.

Notes
Turn   | Place    | Note
-------+----------+-------------------------------------------
     0 | D:1      | Dirtsage the Demonspawn Fighter began the quest for the
                  | Orb.
     0 | D:1      | Reached XP level 1. HP: 18/18 MP: 1/1
    55 | D:1      | Reached skill level 2 in Long Blades
   112 | D:1      | Gained mutation: You are partially covered in slimy green
                  | scales. (AC +2) [demonic ancestry]
   112 | D:1      | Reached XP level 2. HP: 24/24 MP: 2/2
   449 | D:1      | Reached skill level 3 in Long Blades
   495 | D:1      | Gained mutation: You are partially covered in sharp spines.
                  | [demonic ancestry]
   495 | D:1      | Reached XP level 3. HP: 26/29 MP: 3/3
   996 | D:2      | Reached skill level 4 in Long Blades
   996 | D:2      | Reached XP level 4. HP: 35/35 MP: 4/4
  1213 | D:2      | Found a faded altar of an unknown god.
  1214 | D:2      | Noticed a glass eye
  1219 | D:2      | Noticed a glass eye
  1223 | D:2      | Noticed a shining eye
  1223 | D:2      | Noticed an eye of devastation
  2005 | D:3      | Succumbed to an orc wizard's poison

Illustrated notes

Levels and vault maps discovered:
D:1:      minmay_arrival_wavy_path, layout_basic, minmay_close_crescents
D:2:      layout_basic, hellmonk_ecumenical_altar_watching_god
D:3:      layout_loops_ring, serial_shops, nicolae_shop_pleasant_corner_grove,
          minmay_misc_feat_five

Skill      XL: |  1  2  3 |
---------------+----------+-----
Long Blades    | 2 3 4 |  4.7
Fighting       | |  3.0
Armour         | |  2.6
Shields        | |  2.6

Action                     |  1- 3 |  4- 6 || total
---------------------------+-------+-------++-------
  Melee: Long sword        |    75 |    49 ||   124
 Armour: Scale mail        |    62 |    30 ||    92
  Dodge: Dodged            |    30 |    19 ||    49
  Block: Buckler           |    14 |     5 ||    19

Table legend: (Time is in decaauts)
 A = Elapsed time spent in this place.
 B = Non-inter-level travel time spent in this place.
 C = Inter-level travel time spent in this place.
 D = Time resting spent in this place.
 E = Time spent auto-exploring this place.
 F = Levels seen in this place.
 G = Mean time per level.
                   A        B        C        D        E       F      G
               +--------+--------+--------+--------+--------+-----+--------+
         Total |   2036 |   1995 |     41 |      0 |   1712 |   3 |  678.7 |
       Dungeon |   2036 |   1995 |     41 |      0 |   1712 |   3 |  678.7 |
               +--------+--------+--------+--------+--------+-----+--------+

Top non-repeatable levels by time:
     D:2: 1063 daAuts
     D:1: 902 daAuts
     D:3: 71 daAuts
